 Dungeon Crawl Stone Soup version 0.21-a0-314-gb3271ec (webtiles) character file.

61 namelastname112 the Ducker (level 3, -6/16 HPs)
             Began as a Felid Wanderer on Sept 29, 2017.
             Mangled by a gnoll
             ... wielding a +0 halberd
              (13 damage)
             ... on level 2 of the Dungeon.
             The game lasted 00:03:23 (3518 turns).

namelastname112 the Ducker (Felid Wanderer)         Turns: 3518, Time: 00:03:24

Health: -6/16      AC:  1    Str:  6    XL:     3   Next: 83%
Magic:  8/8        EV: 18    Int: 13    God:
Gold:   169        SH:  0    Dex: 18    Spells: 7/7 levels left
                                        Lives:  0   Deaths: 1

rFire    . . .     SeeInvis +     - Unarmed
rCold    . . .     Gourm    .   (shield unavailable)
rNeg     . . .     Faith    .   (armour unavailable)
rPois    .         Spirit   .   (helmet unavailable)
rElec    .         Reflect  .   (cloak unavailable)
rCorr    .         Harm     .   (gloves unavailable)
MR       .....                  (boots unavailable)
Stlth    +++.......             (no amulet)
HPRegen  0.05/turn              (no ring)
MPRegen  0.11/turn              (no ring)

@: quick
A: no armour, no weapons or thrown items, stealth, claws 1, fangs 3, see
invisible, carnivore 3, speed 1, shaggy fur 1, slow metabolism 1, sharp paws
a: no special abilities


You were on level 2 of the Dungeon.
You were very full.

You visited 1 branch of the dungeon, and saw 2 of its levels.

You collected 169 gold pieces.

Inventory:

Scrolls
 c - a scroll of teleportation
 j - 2 scrolls of enchant armour {unknown}
 k - 4 scrolls of identify {unknown}
 n - a scroll of magic mapping {unknown}
Potions
 b - a potion of lignification
 e - a potion of invisibility {unknown}
 f - a potion of magic {unknown}
 g - a potion of heal wounds
 h - a potion of brilliance {unknown}
 i - a potion of mutation {unknown}
 l - a potion of might {unknown}
Books
 a - a book of Necromancy

   Spells                             Type                      Level
   a - Pain                           Necromancy                   1
   b - Animate Skeleton               Necromancy                   1
   c - Vampiric Draining              Necromancy                   3
   d - Regeneration                   Charms/Necromancy            3
   e - Animate Dead                   Necromancy                   4
   f - Control Undead                 Necromancy                   4
Comestibles
 d - a meat ration
 m - 3 royal jellies


   Skills:
 + Level 2.7 Fighting
 + Level 3.0 Dodging
 + Level 2.0 Stealth
 * Level 2.8 Unarmed Combat
 + Level 2.6 Spellcasting
   Level 1.0 Necromancy
   Level 2.1 Evocations


You had 7 spell levels left.
You didn't know any spells.

Dungeon Overview and Level Annotations

Branches:
Dungeon (2/15)

Altars:


Innate Abilities, Weirdness & Mutations

You cannot wear armour.
You are incapable of wielding weapons or throwing items.
Your paws allow you to move quietly. (Stealth)
You have sharp claws.
You have razor-sharp teeth.
You have supernaturally acute eyesight. (SInv)
You are carnivorous and can eat meat at any time.
You cover ground quickly.
You are covered in fur. (AC +1)
You have a slow metabolism.
Your sharp claws are effective at attacking unaware monsters.


Message History

You scratch the gnoll.
The gnoll is moderately wounded.
You scratch the gnoll.
The gnoll is moderately wounded.
The gnoll misses you.
You scratch the gnoll.
The gnoll is moderately wounded.
The gnoll hits you with a club.
You take 5 damage, and have 11/16 hp.
MASSIVE DAMAGE!!
You closely miss the gnoll. You bite the gnoll.
The gnoll is heavily wounded.
The gnoll hits you from afar with a halberd.
You take 5 damage, and have 6/16 hp.
MASSIVE DAMAGE!!
Things that are here:
a stone; a kobold corpse You see here 3 stones.
You start resting.
The gnoll hits you from afar with a halberd!
Ouch! That really hurt!
You die...

.###########..............#
.#..............#..#.###.##
.#.##########.####.#.....#
.#.# #.# #.#.##### .#.# #.#
#...# .#.#
#.###############
.#.########
#.##.g..........#
.#........#
#.##.##########.#
#########.#
#.##@#.########.# ....#
##)###.##.#.(.gg.g.(.#
###.#
#...##.##.#.########## #.#
#...##.##.#.# #.#
#...##.##.#g#
###.####...##.##.#g#
..........###.##.#.#
.##...........##.#.#
.###############.#.#


You could see a gnoll.

Vanquished Creatures
  A gnoll (D:2)
  2 adders (D:2)
  2 oozes (D:1)
  A dart slug (D:2)
  2 leopard geckos (D:2)
  3 orcs (D:2)
  5 giant cockroaches
  7 hobgoblins
  9 jackals
  7 kobolds
  A quokka (D:2)
  3 bats
  6 frilled lizards
  4 goblins
  8 rats
61 creatures vanquished.

Notes
Turn   | Place    | Note
-------+----------+-------------------------------------------
     0 | D:1      | namelastname112 the Felid Wanderer began the quest for the Orb.
     0 | D:1      | namelastname112 set off with: a book of Necromancy, a potion of lignification, a scroll of teleportation, a meat ration
     0 | D:1      | Reached XP level 1. HP: 9/9 MP: 4/4
   152 | D:1      | Reached XP level 2. HP: 11/13 MP: 6/6
   381 | D:1      | Reached skill level 1 in Stealth
   961 | D:1      | Reached skill level 2 in Dodging
   961 | D:1      | Reached XP level 3. HP: 10/16 MP: 7/7
  2337 | D:2      | Reached XP level 4. HP: 20/20 MP: 8/8
  2649 | D:2      | Slain by a gnoll
  2650 | D:2      | Reached XP level 3. HP: -1/16 MP: 7/7
  3430 | D:2      | Reached skill level 3 in Dodging
  3518 | D:2      | Mangled by a gnoll

Vault maps used:
D:1:      erik_arrival_cave_to_civilisation, minmay_surrounded
D:2:      first_bread, guppyfry_early_orc_mine

Skill      XL: |  1  2  3 |
---------------+----------+-----
Stealth        | 1 2 |  2.0
Dodging        | 2 3 |  3.0
Fighting       | |  2.7
Unarmed Combat | |  2.8
Spellcasting   | |  2.6
Necromancy     | |  1.0
Evocations     | |  2.1

Action                   |  1- 3 |  4- 6 || total
-------------------------+-------+-------++-------
Melee: Unarmed           |   186 |    39 ||   225
       Bite              |    19 |     2 ||    21
       Punch             |     3 |       ||     3
 Stab: Sleeping          |    11 |       ||    11
  Eat: Chunk             |    15 |       ||    15
Armor: Skin              |    11 |       ||    11
Dodge: Dodged            |   171 |    25 ||   196

Table legend:
 A = Spawn XP
 B = Non-spawn XP
 C = Spawn XP percentage of total XP
 D = Spawn monster count
 E = Non-spawn monster count
 F = Spawn count percentage of total count
 G = Total turns spent on level
                    A         B        C        D         E        F      G
               +---------+---------+-------+---------+---------+-------+---------
         Total |       0 |     152 |   0.0 |       0 |      61 |   0.0 |  3518
               +---------+---------+-------+---------+---------+-------+---------
           D:1 |       0 |      50 |   0.0 |       0 |      27 |   0.0 |  1369
           D:2 |       0 |     102 |   0.0 |       0 |      34 |   0.0 |  2149
               +---------+---------+-------+---------+---------+-------+---------
